[Event "Titled Tuesday Blitz November 22 Late 2022"]
[White "Torres Dominguez, David"]
[Black "Rose, Felix"]
[WhiteFideId "2220857"]
[BlackFideId "5105722"]
[WhiteElo "2037"]
[BlackElo "2039"]
[Result "1/2-1/2"]
[Round "05"]
[TimeControl "180+1"]
[Date "2022.11.23"]
[WhiteClock "0:00:22"]
[BlackClock "0:00:12"]

1. e4 c5 2. Nf3 e6 3. d4 cxd4 4. Nxd4 a6 5. Nc3 b5 6. Bd3 Bb7 7. O-O Nc6 8. Nxc6 Bxc6 9. a3 Qb8 10. Kh1 Bd6 11. f4 Ne7 12. e5 Bc7 13. Ne4 Nf5 14. Bd2 Qb7 15. Qe2 h5 16. Bb4 h4 17. Nc5 Ng3+ 18. hxg3 hxg3+ 19. Kg1 Bb6 20. Qe3 Qa7 21. Qxg3 Bxc5+ 22. Bxc5 Qxc5+ 23. Qf2 Qe7 24. Rae1 Rh6 25. Be4 O-O-O 26. Bxc6 dxc6 27. Qb6 Qb7 28. Qxb7+ Kxb7 29. Re2 Rdh8 30. Kf2 Rh4 31. g3 Rh2+ 32. Kf3 Rxe2 33. Kxe2 Rh2+ 34. Rf2 Rxf2+ 35. Kxf2 Kb6 36. Ke3 Kc5 37. Kd3 a5 38. b3 b4 39. a4 Kd5 40. Ke3 g6 41. Kd3 c5 42. Ke3 c4 43. g4 Kc5 44. Ke4 cxb3 45. cxb3 Kc6 46. Kd4 Kb6 47. Kc4 Kc6 48. Kd4 Kb6 49. Ke4 Kc5 50. g5 Kb6 51. Kd4 Kc6 52. Kc4 Kb6 53. Kd4 Kc6 54. Kc4 Kb6 55. Kd4 1/2-1/2


[Site "https://www.chess.com"]

[Event "Titled Tuesday Blitz November 22 Late 2022"]
[White "Trent, Lawrence"]
[Black "Bobkov, Vadim"]
[WhiteFideId "408638"]
[BlackFideId "34110876"]
[WhiteElo "2458"]
[BlackElo "2172"]
[Result "0-1"]
[Round "05"]
[TimeControl "180+1"]
[Date "2022.11.23"]
[WhiteClock "0:00:16"]
[BlackClock "0:00:10"]

1. Nc3 d5 2. d4 Nf6 3. Bf4 c5 4. e4 dxe4 5. dxc5 Qxd1+ 6. Rxd1 a6 7. Na4 Nfd7 8. b4 Nc6 9. c3 e5 10. Be3 f5 11. Bc4 Rb8 12. Ne2 f4 13. Bc1 b5 14. Bd5 Ne7 15. Nb2 Nxd5 16. Rxd5 Bb7 17. Rd1 Nf6 18. O-O g5 19. c4 Bc6 20. Nc3 Kf7 21. cxb5 axb5 22. a4 bxa4 23. b5 Bxb5 24. Nxb5 Rxb5 25. Nxa4 Bxc5 26. Bb2 Ra8 27. Nxc5 Rxc5 28. Rd6 Ra2 29. Ba1 Ng4 30. Rd7+ Ke8 31. Rxh7 Nxf2 32. Rb1 Rc8 33. Bxe5 Nd3 34. Bf6 Rc1+ 35. Rxc1 Nxc1 36. Bxg5 e3 37. Bxf4 Ne2+ 38. Kf1 Nxf4 39. Ke1 Ra1# 0-1


[Site "https://www.chess.com"]

[Event "Titled Tuesday Blitz November 22 Late 2022"]
[White "Urbina Perez, Juan Antonio"]
[Black "Clawitter, Craig"]
[WhiteFideId "2217368"]
[BlackFideId "2023105"]
[WhiteElo "2197"]
[BlackElo "2253"]
[Result "1-0"]
[Round "05"]
[TimeControl "180+1"]
[Date "2022.11.23"]
[WhiteClock "0:02:22"]
[BlackClock "0:01:13"]

1. e4 e6 2. Qe2 c5 3. Nf3 Nc6 4. c3 g6 5. g3 Bg7 6. Bg2 Nge7 7. O-O O-O 8. d3 d6 9. Bg5 f6 10. Be3 e5 11. d4 cxd4 12. cxd4 h6 13. Nc3 f5 14. dxe5 dxe5 15. Rfd1 Qa5 16. a3 b6 17. b4 Ba6 18. bxa5 Bxe2 19. Nxe2 Nxa5 20. Rd7 Rf7 21. exf5 Nxf5 22. Rxf7 Kxf7 23. Nxe5+ 1-0


[Site "https://www.chess.com"]

[Event "Titled Tuesday Blitz November 22 Late 2022"]
[White "Vargas, Mauricio"]
[Black "Mesa Cruz, Juan Carlos"]
[WhiteFideId "4404572"]
[BlackFideId "6423400"]
[WhiteElo "2025"]
[BlackElo "2059"]
[Result "0-1"]
[Round "05"]
[TimeControl "180+1"]
[Date "2022.11.23"]
[WhiteClock "0:01:10"]
[BlackClock "0:00:48"]

1. e4 c5 2. Nc3 Nc6 3. f4 g6 4. Nf3 Bg7 5. g3 e6 6. Bg2 Nge7 7. O-O O-O 8. d3 d5 9. e5 f6 10. exf6 Bxf6 11. Re1 Nf5 12. Qe2 Nfd4 13. Qd1 Nxf3+ 14. Bxf3 Bd7 15. Bg4 Nd4 16. Ne2 Qb6 17. c3 Nf5 18. Kg2 Rae8 19. Ng1 Bc6 20. Bf3 d4 21. c4 Ne3+ 22. Bxe3 dxe3 23. Rxe3 Qxb2+ 24. Re2 Qxa1 25. Qd2 Bd4 26. Re1 Qc3 27. Qe2 e5 28. fxe5 Rxe5 29. Be4 Bxg1 30. Kxg1 Bxe4 31. dxe4 Qf3 32. Qc2 Rfe8 33. Qd2 Rxe4 34. Qd5+ Kg7 35. Qd7+ R8e7 36. Qd5 Rxe1# 0-1


[Site "https://www.chess.com"]

[Event "Titled Tuesday Blitz November 22 Late 2022"]
[White "Walentukiewicz, Michal"]
[Black "Machidon, Cristi"]
[WhiteFideId "1126903"]
[BlackFideId "13904590"]
[WhiteElo "2026"]
[BlackElo "2333"]
[Result "1-0"]
[Round "05"]
[TimeControl "180+1"]
[Date "2022.11.23"]
[WhiteClock "0:00:42"]
[BlackClock "0:00:09"]

1. g3 e5 2. Bg2 d5 3. c4 d4 4. d3 Ne7 5. Nf3 Nec6 6. O-O Be7 7. e3 O-O 8. exd4 exd4 9. Na3 Re8 10. Nc2 a5 11. Rb1 Na6 12. a3 a4 13. b4 axb3 14. Rxb3 Nc5 15. Rb5 Na4 16. Bd2 Bf6 17. Re1 Rxe1+ 18. Nfxe1 Nc3 19. Bxc3 dxc3 20. Rd5 Qe7 21. h4 Ne5 22. Qe2 c6 23. Rd4 Bf5 24. Rf4 Qd7 25. Be4 Bg4 26. Qe3 Ng6 27. Rxf6 gxf6 28. Qh6 f5 29. Bg2 f4 30. h5 fxg3 31. hxg6 gxf2+ 32. Kxf2 Qf5+ 33. Kg3 hxg6 34. Qf4 Qxf4+ 35. Kxf4 Bf5 36. Be4 Bxe4 37. Kxe4 f5+ 38. Kd4 Kf7 39. Kxc3 Kf6 40. Kd4 g5 41. Kc5 Re8 42. Kb6 Re7 43. d4 f4 44. d5 cxd5 45. cxd5 Rd7 46. Kc5 g4 47. Kd4 Kf5 48. Nd3 g3 49. Nce1 Kg4 50. Ne5+ Kh3 51. Nxd7 g2 52. Nxg2 Kxg2 53. Ne5 1-0


[Site "https://www.chess.com"]

[Event "Titled Tuesday Blitz November 22 Late 2022"]
[White "Wieczorek, Oskar"]
[Black "Hjartarson, Johann"]
[WhiteFideId "1133950"]
[BlackFideId "2300044"]
[WhiteElo "2404"]
[BlackElo "2458"]
[Result "0-1"]
[Round "05"]
[TimeControl "180+1"]
[Date "2022.11.23"]
[WhiteClock "0:01:04"]
[BlackClock "0:01:08"]

1. e4 Nf6 2. e5 Nd5 3. d4 d6 4. Nf3 Bg4 5. Be2 e6 6. O-O Be7 7. c4 Nb6 8. Nc3 O-O 9. Be3 a6 10. b3 N8d7 11. a4 dxe5 12. Nxe5 Nxe5 13. dxe5 Qxd1 14. Rfxd1 Bxe2 15. Nxe2 Rad8 16. Ng3 Nd7 17. f4 Nc5 18. Bxc5 Bxc5+ 19. Kf1 Be3 20. Nh5 Bd4 21. Rab1 c5 22. Ke2 f5 23. exf6 gxf6 24. g4 Kf7 25. Kf3 a5 26. Re1 Rd6 27. f5 exf5 28. gxf5 Be5 29. Rg1 Rd3+ 30. Ke4 Rfd8 31. Rg7+ Kf8 0-1


[Site "https://www.chess.com"]

[Event "Titled Tuesday Blitz November 22 Late 2022"]
[White "Winterberg, Lukas"]
[Black "Todev, Simeon"]
[WhiteFideId "24622702"]
[BlackFideId "2925133"]
[WhiteElo "2349"]
[BlackElo "1938"]
[Result "1/2-1/2"]
[Round "05"]
[TimeControl "180+1"]
[Date "2022.11.23"]
[WhiteClock "0:00:38"]
[BlackClock "0:00:09"]

1. Nf3 d5 2. e3 g6 3. c4 Bg7 4. cxd5 Qxd5 5. Nc3 Qd8 6. h4 Nf6 7. b3 Ne4 8. Bb2 Nxc3 9. Bxc3 Bxc3 10. dxc3 Qxd1+ 11. Rxd1 Bg4 12. Be2 Nd7 13. Nd4 Bxe2 14. Kxe2 c6 15. h5 e5 16. hxg6 exd4 17. Rxh7 Rxh7 18. gxh7 Ke7 19. cxd4 Rh8 20. e4 Rxh7 21. Ke3 Nf6 22. f3 Rh2 23. Rd2 Ke6 24. b4 Ne8 25. a4 Nd6 26. Kd3 f5 27. b5 fxe4+ 28. fxe4 cxb5 29. e5 Nc4 30. Rf2 Rh4 31. axb5 Kd5 32. Rf7 Rxd4+ 33. Kc3 Rd3+ 34. Kb4 Nxe5 35. Rxb7 a6 36. bxa6 Nc6+ 37. Ka4 Kc4 38. a7 Rd1 39. Ka3 Nxa7 40. Rc7+ Kb5 41. g4 Nc6 42. g5 Rd3+ 43. Kb2 Rg3 44. Rg7 Nd4 45. g6 Ne6 46. Rg8 Kc6 47. Kc2 Nd4+ 48. Kd2 Nf5 49. Ke2 Kd6 50. Kf2 Rg5 51. Kf3 Ke6 52. Kf4 Rg1 53. Re8+ Kf6 54. Rf8+ Ke7 55. Rxf5 Rxg6 56. Re5+ Kd6 57. Ra5 Re6 58. Kf5 Re8 59. Ra2 Kd7 60. Kf6 Rf8+ 61. Ke5 Rf1 62. Ra7+ Kc6 63. Ra3 Kc5 64. Rc3+ Kb4 65. Rc8 Re1+ 66. Kd4 Rd1+ 67. Ke3 Re1+ 68. Kd3 Re6 69. Rb8+ Kc5 70. Rd8 Kb6 71. Rd4 Kc6 72. Rc4+ Kd5 73. Rd4+ Ke5 74. Re4+ Kf5 75. Rxe6 Kxe6 1/2-1/2


[Site "https://www.chess.com"]

[Event "Titled Tuesday Blitz November 22 Late 2022"]
[White "Wirig, Anthony"]
[Black "Zhu, Jiner"]
[WhiteFideId "615013"]
[BlackFideId "8608059"]
[WhiteElo "2487"]
[BlackElo "2384"]
[Result "1/2-1/2"]
[Round "05"]
[TimeControl "180+1"]
[Date "2022.11.22"]
[WhiteClock "0:00:16"]
[BlackClock "0:00:27"]

1. d4 Nf6 2. Bg5 c5 3. Bxf6 gxf6 4. d5 Qb6 5. Qc1 d6 6. c4 f5 7. Nc3 Bg7 8. e3 Nd7 9. Qd2 Ne5 10. Rc1 Bd7 11. Nh3 O-O-O 12. Be2 h5 13. Ng5 Bf6 14. h4 Rdf8 15. g3 Ng4 16. Nh3 Rfg8 17. Nf4 Kb8 18. Bd3 e5 19. Nh3 Qd8 20. Kd1 a6 21. Kc2 e4 22. Be2 Ka8 23. Kb1 Qe7 24. Rhf1 Rb8 25. Nf4 Be5 26. a4 b6 27. Kc2 Ka7 28. Ra1 Bxf4 29. Bxg4 fxg4 30. exf4 f5 31. Nd1 Qf6 32. Ne3 Rhc8 33. Qc3 Qxc3+ 34. Kxc3 Kb7 35. b3 Kc7 36. Ra2 a5 37. Rc1 Rf8 38. Kd2 Rf7 39. Rac2 Rbf8 40. Re1 Kd8 41. Rcc1 Ke7 42. Rb1 Kf6 43. Nd1 Kg6 44. Nc3 Re7 45. Ke3 Rfe8 46. Rb2 Rf7 47. Reb1 Rfe7 48. Rd1 Rf7 49. Rc1 Rfe7 50. Rd2 Rf7 51. Nd1 Rfe7 52. Rc3 Rf7 53. Ke2 Rfe7 54. Ne3 Rf7 55. Kd1 Rfe7 56. Kc2 Rf7 57. Kb2 Rfe7 58. Kc1 Rf7 59. Kd1 Rfe7 60. Ke1 Rf7 61. Rc1 Rfe7 62. Ra1 Rf7 63. Rb2 Rfe7 64. Kd2 Rf7 65. Kc3 1/2-1/2


[Site "https://www.chess.com"]

[Event "Titled Tuesday Blitz November 22 Late 2022"]
[White "Wu, Rochelle"]
[Black "Sanchez, Robert"]
[WhiteFideId "30908132"]
[BlackFideId "2034360"]
[WhiteElo "2217"]
[BlackElo "2315"]
[Result "1-0"]
[Round "05"]
[TimeControl "180+1"]
[Date "2022.11.23"]
[WhiteClock "0:00:08"]
[BlackClock "0:00:10"]

1. e4 d5 2. exd5 Qxd5 3. Nc3 Qe6+ 4. Be2 Qg6 5. Bf3 Nc6 6. d4 Bf5 7. Bxc6+ Qxc6 8. Nf3 O-O-O 9. Be3 Nf6 10. O-O Kb8 11. h3 h6 12. Qe2 g5 13. a4 Rg8 14. Rfd1 g4 15. Ne5 Qe8 16. h4 g3 17. d5 gxf2+ 18. Qxf2 Ng4 19. Nxg4 Rxg4 20. Bxa7+ Ka8 21. Nb5 Qd7 22. Bb6 Be4 23. Nxc7+ Kb8 24. Rd2 Rxg2+ 25. Qxg2 Bxg2 26. Rxg2 e6 27. dxe6 fxe6 28. Nb5 Rc8 29. Rf1 Qc6 30. Be3 Bc5 31. Bxc5 Qxc5+ 32. Kh1 Qc6 33. Rf7 Rg8 34. Rf2 Qe4 35. Kg1 Rxg2+ 36. Rxg2 b6 37. Rg8+ Kb7 38. Nd6+ 1-0


[Site "https://www.chess.com"]

[Event "Titled Tuesday Blitz November 22 Late 2022"]
[White "Xiong, Jeffery"]
[Black "Khandelwal, Ankush"]
[WhiteFideId "2047640"]
[BlackFideId "413470"]
[WhiteElo "2725"]
[BlackElo "2271"]
[Result "1-0"]
[Round "05"]
[TimeControl "180+1"]
[Date "2022.11.23"]
[WhiteClock "0:00:14"]
[BlackClock "0:00:20"]

1. Nh3 e5 2. f4 d5 3. g3 Nc6 4. d3 Bd6 5. Nc3 Nf6 6. fxe5 Nxe5 7. Bg5 c6 8. Qd2 h6 9. Bxf6 Qxf6 10. O-O-O Be6 11. Bg2 O-O-O 12. Rhf1 Qe7 13. Nf4 Bd7 14. e3 Kb8 15. h3 Bb4 16. Kb1 Ka8 17. a3 Ba5 18. Ncxd5 Bxd2 19. Nxe7 Bxe3 20. Rde1 Bxf4 21. Rxf4 f6 22. Nf5 Bxf5 23. Rxf5 Rhe8 24. Re4 Nf7 25. Rf2 Nd6 26. Rg4 Re7 27. Ka2 Kb8 28. h4 Kc7 29. h5 Nb5 30. Be4 Nd4 31. c3 Ne6 32. Bf5 Ng5 33. Rc4 Re3 34. g4 Rde8 35. a4 Re2 36. Rxe2 Rxe2 37. Rd4 Re7 38. b4 Nf3 39. Rf4 Ne5 40. Kb3 Kd6 41. Rd4+ Kc7 42. Re4 Kd6 43. Rd4+ Kc7 44. Rf4 Nf7 45. d4 Nd6 46. Bd3 Nc8 47. c4 Nb6 48. b5 cxb5 49. axb5 Nd7 50. c5 Nf8 51. Kc4 Ne6 52. Re4 Kd7 53. d5 Ng5 54. Rxe7+ Kxe7 55. Bf5 Nf7 56. d6+ Kd8 57. Kd5 Ne5 58. c6 bxc6+ 59. bxc6 a5 60. c7+ 1-0


[Site "https://www.chess.com"]

[Event "Titled Tuesday Blitz November 22 Late 2022"]
[White "Yeritsyan, Hayk"]
[Black "Thomas, Anysia"]
[WhiteFideId "13307320"]
[BlackFideId "670472"]
[WhiteElo "2373"]
[BlackElo "2069"]
[Result "1-0"]
[Round "05"]
[TimeControl "180+1"]
[Date "2022.11.23"]
[WhiteClock "0:02:13"]
[BlackClock "0:00:25"]

1. d4 Nf6 2. Nf3 g6 3. Bf4 Bg7 4. h3 O-O 5. e3 b6 6. c3 Bb7 7. Be2 d6 8. O-O Nbd7 9. Bh2 Re8 10. Nbd2 e5 11. Nc4 e4 12. Nfd2 Nf8 13. Rc1 Ne6 14. Na3 Qe7 15. c4 d5 16. Nb5 Rec8 17. Nc3 c6 18. cxd5 cxd5 19. Qb3 Qd7 20. Nb5 Ne8 21. Rxc8 Bxc8 22. Rc1 Bb7 23. Bg3 a6 24. Nc3 b5 25. a4 bxa4 26. Nxa4 Rc8 27. Rc3 Nd6 28. Bxd6 Rxc3 29. Nxc3 Qxd6 30. Qxb7 1-0


[Site "https://www.chess.com"]

[Event "Titled Tuesday Blitz November 22 Late 2022"]
[White "Yuan, Qingyu"]
[Black "Robson, Ray"]
[WhiteFideId "8609772"]
[BlackFideId "2023970"]
[WhiteElo "2359"]
[BlackElo "2668"]
[Result "0-1"]
[Round "05"]
[TimeControl "180+1"]
[Date "2022.11.22"]
[WhiteClock "0:00:02"]
[BlackClock "0:00:18"]

1. e4 c5 2. Nf3 d6 3. d4 cxd4 4. Nxd4 Nf6 5. Nc3 a6 6. Rg1 g6 7. g4 Bg7 8. g5 Nfd7 9. Be3 Nc6 10. Be2 O-O 11. h4 Nxd4 12. Bxd4 Bxd4 13. Qxd4 Qb6 14. O-O-O Qxd4 15. Rxd4 Nb8 16. h5 Nc6 17. Rd2 Be6 18. f4 Kg7 19. Bd3 b5 20. f5 b4 21. Ne2 Bd7 22. Nf4 Ne5 23. Rf2 gxf5 24. exf5 Bc6 25. f6+ exf6 26. gxf6+ Kh6 27. Rg7 Rg8 28. Rxh7+ Kg5 29. Nh3+ Kh4 30. Bf5 Ng4 31. Bxg4 Rxg4 32. Nf4 Kg3 33. Nd3 Be4 34. Rf1 Bxh7 35. Rg1+ Kh4 36. Rh1+ Kg5 37. Re1 Bxd3 38. cxd3 Kxh5 39. Re7 Kg6 40. Ra7 Rxa7 0-1


[Site "https://www.chess.com"]

[Event "Titled Tuesday Blitz November 22 Late 2022"]
[White "Zanette, Edgard Vinicius"]
[Black "Curtis, John"]
[WhiteFideId "2109263"]
[BlackFideId "3200256"]
[WhiteElo "2211"]
[BlackElo "2203"]
[Result "0-1"]
[Round "05"]
[TimeControl "180+1"]
[Date "2022.11.23"]
[WhiteClock "0:01:54"]
[BlackClock "0:01:47"]

1. e4 c5 2. Nc3 d6 3. f4 Nc6 4. Nf3 Bd7 5. g3 g6 6. Bg2 Bg7 7. d3 Rb8 8. O-O b5 9. Rb1 Nd4 10. Ne2 Nxe2+ 11. Qxe2 b4 12. e5 dxe5 13. Nxe5 Nf6 14. g4 O-O 15. g5 Ne8 16. Bc6 Bxe5 17. Bxd7 Bd4+ 0-1


[Site "https://www.chess.com"]

[Event "Titled Tuesday Blitz November 22 Late 2022"]
[White "Zhigalko, Sergei"]
[Black "Piesik, Piotr"]
[WhiteFideId "13502956"]
[BlackFideId "1136194"]
[WhiteElo "2662"]
[BlackElo "2316"]
[Result "1-0"]
[Round "05"]
[TimeControl "180+1"]
[Date "2022.11.22"]
[WhiteClock "0:01:05"]
[BlackClock "0:00:22"]

1. e4 e6 2. d4 d5 3. e5 c5 4. c3 Nc6 5. Nf3 Bd7 6. Be2 Nge7 7. Na3 cxd4 8. cxd4 Nf5 9. Nc2 Qb6 10. O-O Na5 11. g4 Ne7 12. Nfe1 Bb5 13. Nd3 h5 14. gxh5 Nf5 15. Be3 Nc6 16. Bg4 Rc8 17. Kh1 Be7 18. Rg1 Rh7 19. Nf4 Nh6 20. Nxd5 Qd8 21. Bxh6 Rxh6 22. Nde3 Bg5 23. Bf3 Rh7 24. Be4 Rh8 25. Qg4 Bh6 26. Rad1 Ne7 27. d5 exd5 28. Nxd5 Nxd5 29. Bxd5 Qc7 30. Nd4 Bc6 31. Bxc6+ bxc6 32. Nf5 1-0


[Site "https://www.chess.com"]

[Event "Titled Tuesday Blitz November 22 Late 2022"]
[White "chess50years"]
[Black "Prohorov, Olexandr"]
[BlackFideId "14105578"]
[WhiteElo "2055"]
[BlackElo "1993"]
[Result "1-0"]
[Round "05"]
[TimeControl "180+1"]
[Date "2022.11.23"]
[WhiteClock "0:00:20"]
[BlackClock "0:00:26"]

1. d4 g6 2. c4 Bg7 3. Nc3 c5 4. e3 Nf6 5. Nf3 O-O 6. Be2 cxd4 7. Nxd4 d5 8. cxd5 Nxd5 9. Nxd5 Qxd5 10. O-O Nc6 11. Bf3 Qc5 12. Nxc6 bxc6 13. Qa4 Bb7 14. Bd2 Rfd8 15. Bb4 Qg5 16. Rfd1 Bxb2 17. Rab1 Be5 18. Bxc6 Bxc6 19. Qxc6 Rac8 20. Qe4 Qh5 21. Rxd8+ Rxd8 22. g3 Bf6 23. Kg2 a5 24. Ba3 Rd2 25. Bxe7 Bxe7 26. Qxe7 Qe2 27. Rb8+ Kg7 28. Qf8+ Kf6 29. Rb6+ Kg5 30. Qxf7 Qxe3 31. h4+ Kh6 32. Qf8+ Kh5 33. Rb5+ g5 34. Rxg5+ 1-0


[Site "https://www.chess.com"]

[Event "Titled Tuesday Blitz November 22 Late 2022"]
[White "vjecspec"]
[Black "Fiol, Fabrice"]
[BlackFideId "611670"]
[WhiteElo "2566"]
[BlackElo "2447"]
[Result "1-0"]
[Round "05"]
[TimeControl "180+1"]
[Date "2022.11.23"]
[WhiteClock "0:00:15"]
[BlackClock "0:00:01"]

1. e4 c5 2. Nf3 e6 3. c4 a6 4. d4 cxd4 5. Nxd4 Qc7 6. Nc3 b6 7. Be2 Bb7 8. f3 Nf6 9. Be3 d6 10. O-O Nbd7 11. Qd2 Be7 12. Rfc1 h5 13. a4 h4 14. h3 O-O 15. a5 bxa5 16. Nb3 a4 17. Nxa4 Nh5 18. Na5 Ng3 19. Nxb7 Nxe2+ 20. Qxe2 Qxb7 21. Rab1 a5 22. Nc3 Nc5 23. Nb5 a4 24. Rd1 Rfd8 25. Bxc5 dxc5 26. Rxd8+ Rxd8 27. Rd1 Rxd1+ 28. Qxd1 Bf6 29. Qxa4 Bxb2 30. Qd1 Bf6 31. Qd6 Be7 32. Qc7 Qxc7 33. Nxc7 Bf6 34. Kf2 Bd4+ 35. Ke2 g5 36. Kd3 Kf8 37. Nb5 Bf2 38. e5 Ke7 39. Ke4 f5+ 40. exf6+ Kxf6 41. Nc3 Bd4 42. Ne2 Bf2 43. f4 gxf4 44. Nxf4 e5 45. Nd3 Bd4 46. Ne1 Ke6 47. Nf3 Bf2 48. Nxe5 Bg3 49. Nd3 Kd6 50. Kf3 Kc6 51. Ke4 Kd6 52. Kf5 Kc6 53. Ke6 Bh2 54. Ne5+ Kb6 55. Kd5 Bg1 56. Nd7+ Ka5 57. Nxc5 Kb4 58. Nd3+ Kc3 59. Ne5 Kd2 60. Ke4 Ke2 61. Ng4 Kf1 62. Kf3 Bc5 63. Nh6 Kg1 64. Nf5 Bf2 65. c5 Bxc5 66. Nxh4 Kh2 67. Nf5 Bf8 68. h4 1-0


[Site "https://www.chess.com"]

[Event "Titled Tuesday Blitz November 22 Late 2022"]
[White "Aghasiyev, Kamal"]
[Black "Forgacs, Attila Jr."]
[WhiteFideId "13402854"]
[BlackFideId "773654"]
[WhiteElo "2341"]
[BlackElo "2168"]
[Result "1-0"]
[Round "06"]
[TimeControl "180+1"]
[Date "2022.11.23"]
[WhiteClock "0:01:27"]
[BlackClock "0:02:21"]

1. d4 Nf6 2. Nf3 g6 3. Nbd2 Bg7 4. e4 d6 5. h3 O-O 6. Bd3 c5 7. c3 Nc6 8. O-O Qc7 9. d5 Nb8 10. a4 e6 11. dxe6 Bxe6 12. Ng5 Bd7 13. Nc4 h6 14. Nf3 Be6 15. Bf4 Rd8 16. Re1 Nc6 17. Bh2 d5 18. Bxc7 1-0


[Site "https://www.chess.com"]

[Event "Titled Tuesday Blitz November 22 Late 2022"]
[White "Ai, Evan"]
[Black "Rangel, Daniel"]
[WhiteFideId "2094770"]
[BlackFideId "2124475"]
[WhiteElo "1963"]
[BlackElo "2225"]
[Result "0-1"]
[Round "06"]
[TimeControl "180+1"]
[Date "2022.11.23"]
[WhiteClock "0:00:02"]
[BlackClock "0:01:37"]

1. e4 c5 2. Nf3 d6 3. d4 cxd4 4. Nxd4 Nf6 5. Nc3 g6 6. f3 Bg7 7. Be3 O-O 8. Qd2 Nc6 9. Bc4 Bd7 10. h4 Qa5 11. Bb3 Rfc8 12. g4 Ne5 13. h5 Bxg4 14. fxg4 Rxc3 15. Qxc3 Qxc3+ 16. bxc3 Nexg4 17. Ke2 Nxe4 18. Kf3 Nef6 19. hxg6 hxg6 20. Rag1 Ne5+ 21. Ke2 Ne4 22. Rxg6 Nxg6 23. Kd3 Nc5+ 24. Kd2 Nxb3+ 25. cxb3 e6 26. Nb5 a6 27. Na3 Rc8 28. Rc1 d5 29. c4 dxc4 30. bxc4 Ne5 31. Ke2 Ng4 32. Bb6 f5 33. c5 Bb2 34. Rd1 Bxa3 0-1


[Site "https://www.chess.com"]

[Event "Titled Tuesday Blitz November 22 Late 2022"]
[White "Alexikov, Alexander"]
[Black "Romanchuk, Viktor"]
[WhiteFideId "14103958"]
[BlackFideId "14109271"]
[WhiteElo "2222"]
[BlackElo "2242"]
[Result "1/2-1/2"]
[Round "06"]
[TimeControl "180+1"]
[Date "2022.11.23"]
[WhiteClock "0:00:39"]
[BlackClock "0:00:09"]

1. e4 e6 2. d4 d5 3. Nc3 dxe4 4. Nxe4 Nd7 5. Nf3 Ngf6 6. Nxf6+ Nxf6 7. Ne5 Nd7 8. Nc4 Be7 9. Bf4 O-O 10. Be2 Nb6 11. Ne5 Nd7 12. Nd3 Bd6 13. O-O Bxf4 14. Nxf4 e5 15. dxe5 Nxe5 16. Re1 Bf5 17. Nd5 c6 18. Ne3 Be6 19. b3 Re8 20. c4 Qb6 21. Qc2 Rad8 22. Rad1 Ng6 23. g3 Qc5 24. Rxd8 Rxd8 25. Rd1 Rd4 26. h4 Qd6 27. Rxd4 Qxd4 28. Kg2 Ne5 29. Qd1 Qxd1 30. Nxd1 f6 31. Nc3 Kf8 32. Ne4 Ke7 33. Nc5 Bc8 34. f4 Nf7 35. g4 Nd6 36. Kf3 b6 37. Na4 c5 38. Nc3 Bb7+ 39. Ke3 h6 40. h5 Ke6 41. Bd3 Bc6 42. a4 Bb7 43. Bg6 Bc6 44. Ne2 Nb7 45. Ng3 Nd6 46. Nf5 Nxf5+ 47. Bxf5+ Kd6 48. Bg6 Bg2 49. Bf5 Bh3 50. Kf2 a6 51. Kg1 a5 52. Kf2 Ke7 53. Kg1 Kd6 54. Kf2 Ke7 55. Kg1 Kd6 1/2-1/2


[Site "https://www.chess.com"]

[Event "Titled Tuesday Blitz November 22 Late 2022"]
[White "Andreikin, Dmitry"]
[Black "Boruchovsky, Avital"]
[WhiteFideId "4158814"]
[BlackFideId "2800055"]
[WhiteElo "2736"]
[BlackElo "2458"]
[Result "1-0"]
[Round "06"]
[TimeControl "180+1"]
[Date "2022.11.22"]
[WhiteClock "0:02:03"]
[BlackClock "0:01:01"]

1. d4 c5 2. d5 Nf6 3. Nc3 g6 4. e4 d6 5. Bb5+ Bd7 6. a4 Bg7 7. h3 O-O 8. Nf3 a6 9. Bd3 e6 10. O-O exd5 11. exd5 Qc7 12. Bf4 Nh5 13. Bh2 f5 14. Ng5 Bxc3 15. bxc3 Nf6 16. Re1 Re8 17. Bc4 b6 18. Ne6 Bxe6 19. dxe6 Nc6 20. Bxd6 Qg7 21. e7+ Kh8 22. Re6 Nxe7 23. Be5 Neg8 24. Qd6 Rxe6 25. Qxe6 Re8 26. Qxe8 Nxe8 27. Bxg7+ Kxg7 28. Bxg8 Kxg8 29. Rb1 1-0


[Site "https://www.chess.com"]

[Event "Titled Tuesday Blitz November 22 Late 2022"]
[White "Annaberdiyev, Babageldi"]
[Black "Schmidt, Harald"]
[WhiteFideId "14000385"]
[BlackFideId "4648358"]
[WhiteElo "2332"]
[BlackElo "2314"]
[Result "1-0"]
[Round "06"]
[TimeControl "180+1"]
[Date "2022.11.23"]
[WhiteClock "0:00:45"]
[BlackClock "0:00:01"]

1. e4 c6 2. d4 g6 3. Nd2 Bg7 4. h4 Bxd4 5. h5 Bg7 6. Ngf3 d5 7. Be2 dxe4 8. Nxe4 Qxd1+ 9. Bxd1 Bf5 10. Ng3 Be6 11. h6 Bf6 12. Be2 Nd7 13. c3 O-O-O 14. Be3 Bd5 15. O-O-O Nb6 16. Kc2 e5 17. b3 Bxf3 18. Bxf3 Be7 19. Rxd8+ Kxd8 20. Ne4 Nf6 21. Nxf6 Bxf6 22. a4 Be7 23. a5 Nd5 24. Rd1 Kc7 25. Bxd5 cxd5 26. Rxd5 a6 27. Rxe5 Bd6 28. Re4 f5 29. Rc4+ Kd7 30. Bf4 Bxf4 31. Rxf4 Re8 32. Rb4 Kc7 33. Kd2 Re5 34. Rc4+ Kd7 35. b4 g5 36. f4 gxf4 37. Rxf4 Re6 38. Rxf5 Rxh6 39. Rg5 Kc6 40. Kd3 Rh4 41. g3 Rh3 42. Kc4 h5 43. Rg6+ Kc7 44. Kc5 h4 45. Rg7+ Kc8 46. gxh4 1-0


[Site "https://www.chess.com"]

[Event "Titled Tuesday Blitz November 22 Late 2022"]
[White "Antonova, Nadezhda"]
[Black "Gundam, Rohit"]
[WhiteFideId "14700182"]
[BlackFideId "75002809"]
[WhiteElo "1813"]
[BlackElo "2385"]
[Result "0-1"]
[Round "06"]
[TimeControl "180+1"]
[Date "2022.11.23"]
[WhiteClock "0:00:01"]
[BlackClock "0:00:10"]

1. Nf3 Nf6 2. b3 g6 3. Bb2 Bg7 4. g3 O-O 5. Bg2 d5 6. O-O c5 7. c4 d4 8. b4 Nc6 9. bxc5 e5 10. d3 Nd7 11. Ba3 Qa5 12. Qd2 Qa6 13. Ng5 Bh6 14. Bd5 Kg7 15. f4 exf4 16. Qxf4 Nce5 17. h4 f6 18. Ne6+ Qxe6 19. Bxe6 Bxf4 20. gxf4 Nc6 21. Nd2 Re8 22. f5 Nde5 23. Bxc8 Raxc8 24. Ne4 Rf8 25. Rab1 Rc7 26. Kg2 Ng4 27. Kg3 Ne3 28. Rf3 Nxf5+ 29. Rxf5 gxf5 30. Nd6 Kg6 31. Kf4 Ne5 32. Nxf5 Nf7 33. Nxd4 Re8 34. e4 Ne5 35. Rb3 Kf7 36. Nf5 Rd8 37. Nd6+ Ke6 38. d4 Nxc4 39. Nxc4 Rxd4 40. Nd6 b5 41. Nxb5 Rdd7 42. Nxc7+ Rxc7 43. Rd3 Kf7 44. Rd6 f5 45. Kxf5 Rb7 46. e5 Rb3 47. e6+ Ke8 48. Bc1 a5 49. Be3 Rxe3 50. Ra6 Rf3+ 51. Ke5 Ra3 52. Ra7 Re3+ 53. Kd6 Rd3+ 54. Kc6 Re3 55. Kd6 Rd3+ 56. Kc6 Re3 57. Rxa5 Rxe6+ 58. Kd5 Re2 59. Ra4 Rd2+ 60. Kc6 Rh2 61. Kb7 Rb2+ 62. Kc7 Rg2 63. c6 Rg7+ 64. Kb8 Kd8 65. c7+ Rxc7 66. Rd4+ Rd7 67. Rxd7+ Kxd7 68. a4 Kc6 0-1


[Site "https://www.chess.com"]